 Dungeon Crawl Stone Soup version 0.29.1-2-gbd0b4ee654 (webtiles) character file.

Game seed: 8444588564557436400

3978 Marana the Cleaver (level 10, 0/135 HPs)
             Began as a Minotaur Berserker on Oct 19, 2022.
             Was a High Priest of Trog.
             Slain by an orc warrior
             ... wielding a +4 glaive
              (8 damage)
             ... in a bailey on Oct 25, 2022.
             The game lasted 00:38:23 (6001 turns).

Marana the Cleaver (Minotaur Berserker)             Turns: 6001, Time: 00:38:24

Health: 0/135      AC: 13    Str: 23    XL:     10   Next: 2%
Magic:  9/9        EV:  9    Int:  8    God:    Trog [*****.]
Gold:   554        SH:  0    Dex:  9    Spells: 9/9 levels left

rFire   . . .      SeeInvis .   E - +2 battleaxe
rCold   . . .      Faith    .   (shield currently unavailable)
rNeg    . . .      Spirit   .   r - +0 chain mail
rPois   .          Reflect  .   (helmet restricted)
rElec   .          Harm     .   (no cloak)
rCorr   +          Rampage  .   (no gloves)
Will    +++..                   p - +1 pair of boots
Stlth   ..........              c - amulet of regeneration
HPRegen 2.12/turn               f - ring of willpower
MPRegen 0.11/turn               j - ring of resist corrosion

@: berserking, strong-willed, regenerating, very quick
A: horns 2, retaliatory headbutt
a: Renounce Religion, Berserk, Trog's Hand, Brothers in Arms


You were in a bailey.
You worshipped Trog.
Trog was extremely pleased with you.
You visited 2 branches of the dungeon, and saw 9 of its levels.
You also visited: Bailey.

You collected 554 gold pieces.

Inventory:

Hand Weapons
 o - a +4 spear of freezing
 x - a +1 vorpal war axe
 E - a +2 battleaxe (weapon)
 F - a +1 antimagic dire flail
Missiles
 m - 23 poisoned darts (quivered)
 s - a curare-tipped dart
Armour
 p - a +1 pair of boots (worn)
 r - a +0 chain mail (worn)
 A - +0 steam dragon scales
Jewellery
 c - an amulet of regeneration (around neck)
 f - a ring of willpower (left hand)
 j - a ring of resist corrosion (right hand)
Wands
 h - a wand of charming (6)
Scrolls
 e - 3 scrolls of fog {unknown}
 i - a scroll of fear {unknown}
 k - 2 scrolls of poison {unknown}
 q - a scroll of torment {unknown}
 t - a scroll of magic mapping {unknown}
 u - 8 scrolls of identify {unknown}
 w - a scroll of teleportation {unknown}
 y - a scroll of vulnerability {unknown}
 C - 2 scrolls of noise {unknown}
 D - a scroll of enchant armour {unknown}
Potions
 a - 4 potions of curing {unknown}
 b - 2 potions of degeneration {unknown}
 d - a potion of resistance {unknown}
 g - a potion of mutation {unknown}
 l - 3 potions of heal wounds {unknown}
 n - a potion of might {unknown}
 v - 3 potions of flight {unknown}
 z - a potion of magic {unknown}


   Skills:
 * Level 8.6 Fighting
 * Level 12.6 Axes
 * Level 4.6 Throwing
 * Level 8.0 Armour
 - Level 2.1 Dodging


You had 9 spell levels left.
You didn't know any spells.
Your spell library was empty.

Dungeon Overview and Level Annotations

Branches:
Dungeon (8/15)             Temple (1/1) D:5          Bailey (1/1)
   Lair: D:8-11

Altars:
Cheibriados
Dithmenos
Fedhas
Nemelex Xobeh
Ru
Trog
Xom
Zin
The Shining One

Shops:
D:3 [


Innate Abilities, Weirdness & Mutations

You have a pair of horns on your head.
You reflexively headbutt those who attack you in melee.


Message History

The orc warrior hits you from afar with a +4 glaive.
You barely miss the orc warrior.
The orc warrior is heavily wounded.
The orc warrior hits you with a +0 bardiche.
* * * LOW HITPOINT WARNING * * *
The orc warrior hits you but does no damage. x2
You slash the orc warrior!
You kill the orc warrior!
Trog accepts your kill.
The orc warrior hits you from afar with a +4 glaive!
* * * LOW HITPOINT WARNING * * *
The orc warrior hits you from afar with a +0 spear.
* * * LOW HITPOINT WARNING * * *
Your Armour skill increases to level 8!
Your skin crawls.
You feel strong-willed.
The orc warrior hits you but does no damage.
The orc warrior hits you from afar with a +0 spear.
* * * LOW HITPOINT WARNING * * *
A red film seems to cover your vision as you go berserk!
You feel yourself moving faster!
You feel mighty! The orc warrior closely misses you.
The orc warrior hits you from afar with a +0 spear!
* * * LOW HITPOINT WARNING * * *
You feel a strong urge to attack something.
The orc warrior hits you with a +4 glaive.
* * * LOW HITPOINT WARNING * * *
Things that are here:
a +0 bardiche; a +0 chain mail You closely miss the orc warrior.
The orc warrior hits you with a +4 glaive!
* * * LOW HITPOINT WARNING * * *
The orc warrior barely misses you.
An orc comes into view. It is wielding a +0 halberd.
You closely miss the orc warrior. You headbutt the orc warrior!
The orc warrior is heavily wounded.
You slash the orc warrior!
The orc warrior is almost dead.
The orc warrior hits you with a +4 glaive!
You die...

#. .≈≈≈≈..####
####..≈≈≈≈≈..#$.######
##.....≈≈≈≈...#.......
...♣♣..≈≈≈≈...##....
....♣..≈ ≈....#.o#
......######...#@8#
...............#..#
........)......'o.#
...............'..#
...............#..#
......######...#.8#
.......≈≈ ≈....#..#
....♣..≈≈≈≈.♣.##..o
##.....≈≈≈≈...#.....


You could see 2 orc warriors and an orc.

Vanquished Creatures
  An oklob plant (D:7)
  Maggie (D:7)
  Grinder (D:3)
  Prince Ribbit (D:7)
  Sigmund (D:4)
  Edmund (D:5)
  An ice beast (D:5)
  A sky beast (D:6)
  An orc warrior (Bailey)
  3 ogres
  A centaur (D:7)
  A phantom (D:3)
  3 kobold brigands
  2 bullfrogs (D:6)
  A scorpion (D:5)
  A gnoll sergeant (D:5)
  4 killer bees (D:7)
  2 electric eels (D:6)
  3 howler monkeys
  7 jellies
  2 orc priests
  2 gnoll boudas
  5 hounds
  2 iguanas (D:4)
  An orc wizard (D:4)
  Robin (D:3)
  32 gnolls
  12 adders
  3 shadow imps
  3 dart slugs
  44 orcs
  3 ball pythons
  7 bats
  26 endoplasms
  5 giant cockroaches
  15 goblins
  6 hobgoblins
  14 jackals
  15 kobolds
  2 quokkas (D:1)
  A frilled lizard (D:1)
  3 rats
241 creatures vanquished.

Vanquished Creatures (others)
  7 fungi (D:7)
  5 plants
12 creatures vanquished.

Grand Total: 253 creatures vanquished

Notes
Turn   | Place    | Note
-------+----------+-------------------------------------------
     0 | D:1      | Marana the Minotaur Berserker began the quest for the Orb.
     0 | D:1      | Reached XP level 1. HP: 19/19 MP: 0/0
    58 | D:1      | Reached skill level 4 in Axes
    58 | D:1      | Reached XP level 2. HP: 18/27 MP: 1/1
   603 | D:1      | Reached ** piety under Trog
   628 | D:1      | Found a faded altar of an unknown god.
   879 | D:1      | Reached XP level 3. HP: 33/33 MP: 2/2
  1799 | D:3      | Found Veopt's Antique Armour Emporium.
  1815 | D:3      | Noticed Robin
  1821 | D:3      | Reached XP level 4. HP: 38/41 MP: 3/3
  1835 | D:3      | Killed Robin
  1836 | D:3      | Reached skill level 5 in Axes
  2001 | D:3      | Noticed Grinder
  2011 | D:3      | Noticed a phantom
  2012 | D:3      | Killed Grinder
  2012 | D:3      | Reached *** piety under Trog
  2013 | D:3      | Reached skill level 5 in Fighting
  2013 | D:3      | Reached skill level 6 in Axes
  2013 | D:3      | Reached skill level 1 in Throwing
  2013 | D:3      | Reached XP level 5. HP: 35/48 MP: 4/4
  2013 | D:3      | Reached XP level 6. HP: 41/56 MP: 5/5
  2022 | D:3      | Reached skill level 7 in Axes
  2496 | D:4      | Reached XP level 7. HP: 61/61 MP: 6/6
  2668 | D:4      | Reached **** piety under Trog
  2696 | D:4      | Reached skill level 8 in Axes
  2698 | D:4      | HP: 4/91 [kobold brigand/+0 short sword (4)]
  3327 | D:4      | Noticed Sigmund
  3334 | D:4      | Killed Sigmund
  3335 | D:4      | Reached skill level 9 in Axes
  3335 | D:4      | Reached XP level 8. HP: 59/70 MP: 7/7
  3394 | D:5      | Entered Level 5 of the Dungeon
  3431 | D:5      | Reached skill level 5 in Armour
  3456 | D:5      | Found a staircase to the Ecumenical Temple.
  3575 | D:5      | You fall into a shaft and drop 2 floors!
  3579 | D:7      | Noticed Prince Ribbit
  3592 | D:7      | Reached skill level 10 in Axes
  3619 | D:7      | Killed Prince Ribbit
  3740 | D:7      | Reached XP level 9. HP: 62/79 MP: 8/8
  4045 | D:5      | Reached ***** piety under Trog
  4265 | D:5      | Noticed Edmund
  4273 | D:5      | Killed Edmund
  4274 | D:5      | Reached skill level 11 in Axes
  4492 | Temple   | Entered the Ecumenical Temple
  4748 | D:6      | Found a snail-covered altar of Cheibriados.
  5699 | D:7      | Noticed Maggie
  5710 | D:7      | Killed Maggie
  5711 | D:7      | Reached skill level 12 in Axes
  5790 | D:7      | Noticed an oklob plant
  5844 | D:7      | Received a gift from Trog
  5862 | D:7      | Killed an oklob plant
  5934 | D:7      | Upgraded the game from 0.29.1-1-gd02db6906a to
                  | 0.29.1-2-gbd0b4ee654
  5936 | D:8      | Found a flagged portal.
  5958 | D:8      | Reached XP level 10. HP: 85/90 MP: 9/9
  5967 | Bailey   | Entered a bailey
  5999 | Bailey   | HP: 6/135 [orc warrior/+4 glaive (10)]
  6001 | Bailey   | Slain by an orc warrior

Illustrated notes

Levels and vault maps discovered:
D:1:      elethiomel_arrival_maze, layout_basic,
          dreamdust_ecumenical_altar_hidden_monk_grotto
D:2:      layout_basic, serial_bayou_pond_c, chequers_serial_rivers_small_3
D:3:      layout_basic, serial_shops, shop, uniq_robin, uniq_grinder
D:4:      lemuel_castle_with_subvaults [lemuel_castle_interior_carwin_3],
          layout_loops_corners, minmay_strange_pillars,
          minmay_misc_feat_four_crosses, minmay_between, uniq_sigmund
D:5:      layout_loops_ring, minmay_temple_entry_slanted, uniq_edmund
D:6:      layout_basic, mainiacjoe_overflow_six_doors_small,
          serial_bayou_ford_a, corexii_corridor_pit
D:7:      lemuel_slime, layout_rooms, uniq_prince_ribbit1, uniq_maggie
D:8:      layout_basic, nicolae_overflows_in_rows, lair_entry_dummy,
          enter_bailey_2, uniq_pikel
Temple:   nicolae_temple_ecumenical_triangle
Bailey:   bailey_polearm_elven_captive_hellmonk, bailey

Skill      XL: |  1  2  3  4  5  6  7  8  9 10 |
---------------+-------------------------------+-----
Fighting       | 4 5 6 7 8 |  8.6
Axes           | 4 6 7 9 10 12 | 12.6
Throwing       | 1 2 3 4 |  4.6
Armour         | 3 4 6 7 8 |  8.0
Dodging        | |  2.1

Action                   |  1- 3 |  4- 6 |  7- 9 | 10-12 || total
-------------------------+-------+-------+-------+-------++-------
Melee: Hand axe          |    71 |       |       |       ||    71
       Headbutt          |    10 |     8 |    70 |     4 ||    92
       War axe           |    19 |    93 |   404 |       ||   516
       Punch             |       |       |     2 |       ||     2
       Battleaxe         |       |       |    17 |    13 ||    30
Invok: Berserk           |       |       |     3 |     1 ||     4
       Trog's Hand       |       |       |     2 |     1 ||     3
Armor: Animal skin       |     7 |       |       |       ||     7
       Leather armour    |    11 |       |       |       ||    11
       Scale mail        |    15 |    15 |       |       ||    30
       Chain mail        |       |    50 |   194 |     7 ||   251
Dodge: Dodged            |    55 |    40 |   143 |     7 ||   245
Block: Kite shield       |       |       |    54 |       ||    54
